[Event "Landsturneringen 2023"]
[Site "Vallhall, Oslo"]
[Date "2023.07.03"]
[Round "3"]
[White "Røyset, Pål Nikolai"]
[Black "Lindbøl, Aleksander"]
[Result "1/2-1/2"]
[WhiteTitle "CM"]
[WhiteElo "2165"]
[BlackElo "2234"]
[TimeControl "40/5400+30:1800+30"]
[BlackFideId "1520644"]
[WhiteFideId "1501330"]

1. d4 Nf6 2. Bg5 d5 3. Bxf6 exf6 4. e3 Nd7 5. c4 dxc4 6. Bxc4 Nb6 7. Bb3 c5
8. Nc3 cxd4 9. exd4 Bd6 10. Nge2 O-O 11. O-O Re8 12. Qd3 f5 13. f4 Bd7 14.
Rad1 a6 15. Qf3 Bc6 16. Qh3 Qf6 17. Rd3 Re7 18. Re3 g6 19. Re5 Bxe5 20.
dxe5 Qg7 21. Qe3 Nc8 22. Rd1 Qf8 23. Nd4 Na7 24. a4 Kh8 25. g3 Rd8 26. Nxf5
gxf5 27. Qxa7 Rxd1+ 28. Bxd1 f6 29. Qe3 fxe5 30. fxe5 f4 31. gxf4 Qg8+ 32.
Kf2 Qg2+ 33. Ke1 Qxh2 34. e6 Qh4+ 35. Kd2 Qf6 36. Bg4 Rg7 37. Bh3 b5 38.
axb5 axb5 39. Kc2 b4 40. Ne2 Bd5 41. Qd4 Qh6 42. Qxd5 Qxh3 43. Qd8+ Rg8 44.
Qf6+ Rg7 45. Nd4 Qg2+ 46. Kb3 Qd5+ 47. Kxb4 Kg8 48. Kc3 Rg3+ 49. Kb4 Rg7
50. Kc3 Rg3+ 51. Kb4 Rg7 1/2-1/2

[Event "Landsturneringen 2023"]
[Site "Vallhall, Oslo"]
[Date "2023.07.03"]
[Round "3"]
[White "Dahl, Max"]
[Black "Manne, Per Erik"]
[Result "1/2-1/2"]
[BlackTitle "FM"]
[WhiteElo "2169"]
[BlackElo "2197"]
[TimeControl "40/5400+30:1800+30"]
[BlackFideId "1502867"]
[WhiteFideId "1526626"]

1. e4 e5 2. Nf3 Nc6 3. Nc3 Nf6 4. g3 g6 5. d4 exd4 6. Nxd4 Bg7 7. Bg2 Nxd4
8. Qxd4 O-O 9. O-O d6 10. Qd3 Re8 11. Bd2 Nd7 12. Qe2 a6 13. Rfe1 Ne5 14.
Nd5 Bg4 15. f3 Be6 16. Ne3 Nc6 17. c3 d5 18. exd5 Bxd5 19. Qf2 Be6 20. f4
Qd6 21. b3 Rad8 22. Rad1 Qc5 23. Nc4 Qh5 24. Bf3 Bg4 25. Bxg4 Qxg4 26. Ne3
Qh5 27. Kg2 Rd3 28. Nf1 Qd5+ 29. Kg1 Rd8 30. Rc1 Rf3 31. Qg2 Rd3 32. Qxd5
R3xd5 33. Rc2 Rd3 34. Re3 Kf8 35. Rxd3 Rxd3 36. Kf2 h5 1/2-1/2

[Event "Landsturneringen 2023"]
[Site "Vallhall, Oslo"]
[Date "2023.07.03"]
[Round "3"]
[White "Unneland, Mathias"]
[Black "Kolås, Tore"]
[Result "1-0"]
[WhiteTitle "FM"]
[WhiteElo "2158"]
[BlackElo "2141"]
[TimeControl "40/5400+30:1800+30"]
[BlackFideId "1502050"]
[WhiteFideId "1525581"]

1. Nf3 c5 2. c4 Nc6 3. Nc3 g6 4. e3 Nf6 5. d4 cxd4 6. exd4 d5 7. cxd5 Nxd5
8. Qb3 Nxc3 9. Bc4 Nd5 10. Bxd5 e6 11. Bxc6+ bxc6 12. O-O Qd5 13. Qc2 Ba6
14. Re1 Bg7 15. Bd2 O-O 16. Bb4 Rfb8 17. Bc5 Qc4 18. Qd2 Qd3 19. Qc1 Qb5
20. b3 Rd8 21. Qf4 Rd5 22. Ne5 Qb7 23. h4 h5 24. g4 hxg4 25. Qxg4 Bxe5 26.
Rxe5 Rxe5 27. dxe5 Qb5 28. Rc1 Qe2 29. Qxe2 Bxe2 30. Kg2 a6 31. Bd6 Rc8 32.
f3 Bd3 33. Kf2 Kg7 34. Ke3 Bf5 35. b4 f6 36. a4 fxe5 37. b5 axb5 38. axb5
Ra8 39. b6 1-0

[Event "Landsturneringen 2023"]
[Site "Vallhall, Oslo"]
[Date "2023.07.03"]
[Round "3"]
[White "Gomez Aguirre, Juan Alberto"]
[Black "Engelsen, Teodor Tenfjord"]
[Result "1-0"]
[WhiteTitle "CM"]
[WhiteElo "2157"]
[BlackElo "1977"]
[TimeControl "40/5400+30:1800+30"]
[BlackFideId "45188521"]
[WhiteFideId "54587867"]

1. d4 Nf6 2. c4 e6 3. Nf3 d5 4. Nc3 Bb4 5. cxd5 exd5 6. Bg5 O-O 7. e3 c6 8.
Qc2 a5 9. Bd3 h6 10. Bh4 Be6 11. O-O Nbd7 12. h3 Bd6 13. Ne2 Qc7 14. Bg3
Rfe8 15. Bxd6 Qxd6 16. Ng3 g6 17. Rae1 Kg7 18. Nh4 Ne4 19. Bxe4 dxe4 20.
Qxe4 Nf6 21. Qc2 Qb4 22. a3 Qb5 23. Rc1 Rad8 24. Nf3 1-0

[Event "Landsturneringen 2023"]
[Site "Vallhall, Oslo"]
[Date "2023.07.03"]
[Round "3"]
[White "Aulin-Jansson, Jøran"]
[Black "Machlik, Monika"]
[Result "1/2-1/2"]
[WhiteTitle "FM"]
[WhiteElo "2140"]
[BlackElo "2119"]
[TimeControl "40/5400+30:1800+30"]
[BlackFideId "1513621"]
[WhiteFideId "1500279"]

1. Nf3 Nf6 2. d4 e6 3. Bf4 d5 4. e3 Bd6 5. c3 O-O 6. Nbd2 c5 7. Bxd6 Qxd6
8. Bd3 Nc6 9. O-O e5 10. dxe5 Nxe5 11. Nxe5 Qxe5 12. Qc2 Re8 13. Rfe1 Ne4
14. f4 Qe7 15. c4 Nxd2 16. Qxd2 dxc4 17. Bxc4 Bf5 18. Qc3 Be4 19. Rad1 Rad8
20. Bb5 Rf8 21. Bd3 Bxd3 22. Rxd3 Rxd3 23. Qxd3 Rd8 24. Qc3 b6 25. e4 Rd4
26. Qe3 Qd7 27. g3 Rd3 28. Qf2 h6 29. Re2 Qd4 30. Qxd4 Rxd4 31. Kf2 Kf8 32.
Ke3 Ke7 33. g4 Ke6 34. h4 Rd1 35. Rd2 Rh1 36. f5+ Ke7 37. h5 Rg1 38. Kf4 f6
39. Re2 Kd6 40. Rd2+ Ke7 41. Re2 Rf1+ 42. Kg3 Kd6 43. Rd2+ Ke7 44. Re2 Kd6
45. Rd2+ Ke7 46. Re2 Kd6 1/2-1/2

[Event "Landsturneringen 2023"]
[Site "Vallhall, Oslo"]
[Date "2023.07.03"]
[Round "4"]
[White "Grave, Jacob Templen"]
[Black "Hole, Øystein"]
[Result "1-0"]
[WhiteTitle "CM"]
[BlackTitle "IM"]
[WhiteElo "2255"]
[BlackElo "2267"]
[TimeControl "40/5400+30:1800+30"]
[BlackFideId "1501526"]
[WhiteFideId "1542656"]

1. d4 d5 2. c4 c6 3. Nf3 Nf6 4. e3 Bg4 5. h3 Bxf3 6. Qxf3 e6 7. Nc3 Nbd7 8.
Bd3 Be7 9. O-O O-O 10. b3 dxc4 11. bxc4 Ne5 12. Qe2 Nxd3 13. Qxd3 e5 14. d5
cxd5 15. cxd5 Bb4 16. Bb2 Bxc3 17. Qxc3 Qxd5 18. Rfd1 Rfc8 19. Rxd5 Rxc3
20. Rb5 Rc7 21. Bxe5 Rd7 22. Rab1 b6 23. Bd4 Rc8 24. a4 Nd5 25. R5b2 f6 26.
Ra1 Kf7 27. a5 bxa5 28. Rxa5 Rcc7 29. Ra6 Ne7 30. Rba2 Rc1+ 31. Kh2 Nc6 32.
R2a4 Nxd4 33. Rxa7 Rcc7 34. Rxc7 Rxc7 35. Rxd4 Ra7 36. Rd5 Rb7 37. h4 Ra7
38. g4 h6 39. Kg3 Rb7 40. Ra5 Rc7 41. Kf4 Rb7 42. Rc5 Kg6 43. h5+ Kf7 44.
Kf5 Ra7 45. f3 Rb7 46. Ra5 Rc7 47. f4 Rb7 48. Rc5 Ra7 49. Rb5 Rc7 50. e4
Ra7 51. Rc5 Rb7 52. Ra5 Rc7 53. Rd5 Ra7 54. Rd6 Ra5+ 55. e5 fxe5 56. fxe5
Rb5 57. Rd7+ Kf8 58. Kg6 Rxe5 59. Rf7+ 1-0

[Event "Landsturneringen 2023"]
[Site "Vallhall, Oslo"]
[Date "2023.07.03"]
[Round "4"]
[White "Roulet-Dubonnet, Emerik Våpenstad"]
[Black "Dahl, Max"]
[Result "1-0"]
[WhiteTitle "FM"]
[WhiteElo "2197"]
[BlackElo "2169"]
[TimeControl "40/5400+30:1800+30"]
[BlackFideId "1526626"]
[WhiteFideId "1539477"]

1. d4 d5 2. c4 e6 3. Nc3 Nf6 4. cxd5 exd5 5. Bg5 c6 6. e3 Be7 7. Bd3 Nbd7
8. Nge2 Nh5 9. Bxe7 Qxe7 10. Qc2 g6 11. O-O O-O 12. Rae1 Nb6 13. Nc1 Ng7
14. f3 c5 15. dxc5 Qxc5 16. Nb3 Qe7 17. Nd4 Ne6 18. Qf2 Qf6 19. f4 Bd7 20.
Bc2 Rad8 21. Bb3 Nxd4 22. exd4 Bc6 23. Re5 a5 24. a3 Nc4 25. Bxc4 dxc4 26.
d5 Bd7 27. Qd4 Bf5 28. Qxc4 Qb6+ 29. Rf2 Rc8 30. Qe2 Rfd8 31. Qe3 Qxe3 32.
Rxe3 b5 33. Nxb5 Rxd5 34. Nc3 Rd4 35. Re5 a4 36. Rd5 Rxd5 37. Nxd5 Rc1+ 38.
Rf1 Rc2 39. Ne7+ Kg7 40. Nxf5+ gxf5 41. Rb1 Kg6 42. b3 axb3 43. Rxb3 Ra2
44. h3 Kf6 45. Kh2 Ke6 46. Kg3 Kd5 47. Rb5+ Ke6 48. Rb6+ Kd5 49. Ra6 Ke4
50. Ra5 f6 51. Ra6 h5 52. Re6+ Kd4 53. Rxf6 Rxa3+ 54. Kh4 Ke4 55. g3 Rb3
56. Rh6 Ra3 57. Rxh5 Ra7 58. Rh6 Kf3 59. Rb6 Rh7+ 60. Kg5 Rxh3 61. Rb3+ Ke4
62. Rb4+ Kd5 63. Kxf5 Rxg3 64. Rb8 Kd6 65. Re8 Kd7 66. Re1 Rg8 67. Re6 Rf8+
68. Rf6 Rg8 69. Rf7+ Ke8 70. Ra7 Rg1 71. Kf6 Rb1 72. Ra8+ Kd7 73. f5 Rf1
74. Rf8 Rf2 75. Kg7 Rg2+ 76. Kf7 Rf2 77. f6 Rg2 78. Ra8 Rf2 79. Ra1 Kd6 80.
Re1 Rf3 81. Kg7 Kd7 82. f7 Rg3+ 83. Kf8 Rg4 84. Rd1+ Kc7 85. Rd2 Kc8 86.
Rd5 Kc7 87. Ke7 Kc6 88. Rf5 Re4+ 89. Kf6 1-0

[Event "Landsturneringen 2023"]
[Site "Vallhall, Oslo"]
[Date "2023.07.03"]
[Round "4"]
[White "Skotheim, Andreas"]
[Black "Tryggestad, Andreas G"]
[Result "1/2-1/2"]
[WhiteTitle "CM"]
[BlackTitle "FM"]
[WhiteElo "2241"]
[BlackElo "2200"]
[TimeControl "40/5400+30:1800+30"]
[BlackFideId "1513338"]
[WhiteFideId "1518526"]

1. e4 c5 2. Nf3 e6 3. d3 d5 4. Nbd2 Nf6 5. g3 g6 6. Bg2 Bg7 7. O-O O-O 8.
Re1 Nc6 9. c3 a5 10. a4 b6 11. e5 Ng4 12. d4 cxd4 13. cxd4 f6 14. exf6 Qxf6
15. Nb3 Bd7 16. Bf4 Nh6 17. Qd2 Nf5 18. Ne5 Nxe5 19. Bxe5 Qf7 20. Nc1 Rac8
1/2-1/2

[Event "Landsturneringen 2023"]
[Site "Vallhall, Oslo"]
[Date "2023.07.03"]
[Round "4"]
[White "Gomez Aguirre, Juan Alberto"]
[Black "Hølleland, Sigve"]
[Result "1/2-1/2"]
[WhiteTitle "CM"]
[WhiteElo "2157"]
[BlackElo "2154"]
[TimeControl "40/5400+30:1800+30"]
[BlackFideId "1513672"]
[WhiteFideId "54587867"]

1. d4 Nf6 2. c4 e6 3. Nc3 Bb4 4. e3 b6 5. Ne2 Bb7 6. a3 Be7 7. Ng3 h5 8. f3
h4 9. Nge4 d5 10. Nxf6+ Bxf6 11. cxd5 exd5 12. Bd3 O-O 13. O-O c5 14. Bc2
cxd4 15. exd4 Re8 16. Ba4 Nc6 17. Bxc6 Bxc6 18. Qd3 g6 19. Bf4 h3 20. g3
Qd7 21. Rad1 Re6 22. Be5 Bxe5 23. dxe5 Rxe5 24. f4 Rh5 25. f5 Rxf5 26. Rxf5
Qxf5 27. Qxf5 gxf5 28. Nxd5 Kg7 29. Nf4 Bf3 30. Rd3 Bg4 31. Kf2 Rc8 32. Rc3
Rxc3 33. bxc3 Kf6 34. Ke3 Ke5 35. Kd3 b5 36. Ke3 a5 37. Kd3 Kd6 38. Kd4 Kc6
39. Nd3 Kd6 40. Nf4 f6 41. Nd3 Bf3 42. Nf4 Bg2 43. Nh5 Ke6 44. Nf4+ Kd6 45.
Nh5 Ke6 46. Ng7+ Kf7 47. Nh5 1/2-1/2

[Event "Landsturneringen 2023"]
[Site "Vallhall, Oslo"]
[Date "2023.07.03"]
[Round "4"]
[White "Blauhut, Holger"]
[Black "Brattgjerd, Isak Vinh"]
[Result "0-1"]
[WhiteTitle "CM"]
[WhiteElo "2054"]
[BlackElo "2185"]
[TimeControl "40/5400+30:1800+30"]
[BlackFideId "1549880"]
[WhiteFideId "24665177"]

1. e4 c6 2. d4 d5 3. e5 c5 4. dxc5 e6 5. Nf3 Bxc5 6. Bd3 Nc6 7. O-O f6 8.
Qe2 fxe5 9. Nxe5 Qf6 10. Nxc6 bxc6 11. c4 Ne7 12. Nd2 O-O 13. Nf3 h6 14.
Be3 d4 15. Bd2 Bd6 16. Rae1 Rb8 17. b3 c5 18. Ne5 Nf5 19. Ng4 Qh4 20. Ne5
Qf6 21. Ng4 Qf7 22. Ne5 Qc7 23. g4 Nh4 24. f4 Kh8 25. Qe4 g5 26. Ng6+ Nxg6
27. Qxg6 gxf4 28. Qxh6+ Kg8 29. Rf3 Rb7 30. Rh3 Qg7 31. Qh5 Re7 32. Be4 Bd7
33. Kf2 Be8 34. Qh6 Rf6 35. Qxg7+ Rxg7 36. Kf3 Bg6 37. Ba8 Bf7 38. Rg1 e5
39. Be4 Be7 40. Rg2 Ra6 41. Be1 Bg5 42. Bb7 Bxc4 43. Rc2 Bxb3 44. axb3 Rxb7
45. Ke4 Ra1 46. Bf2 Bf6 47. Rxc5 Ra2 48. Kf5 Bg7 49. Be1 Rf7+ 50. Ke6 Ra6+
51. Kd5 f3 52. Rc2 e4 53. Rc8+ Bf8 54. Kxd4 Rd6+ 55. Ke5 e3 56. Ke4 f2 57.
Bc3 Re7+ 0-1

[Event "Landsturneringen 2023"]
[Site "Vallhall, Oslo"]
[Date "2023.07.03"]
[Round "4"]
[White "Myagmarsuren, Evsuld"]
[Black "Unneland, Mathias"]
[Result "1/2-1/2"]
[BlackTitle "FM"]
[WhiteElo "2184"]
[BlackElo "2158"]
[TimeControl "40/5400+30:1800+30"]
[BlackFideId "1525581"]
[WhiteFideId "1551639"]

1. e4 c5 2. Nf3 d6 3. d4 cxd4 4. Nxd4 Nf6 5. Nc3 a6 6. h3 e5 7. Nde2 h5 8.
g3 Be7 9. Bg2 b5 10. Nd5 Nxd5 11. Qxd5 Ra7 12. Be3 Rb7 13. O-O Nd7 14. b3
Nf6 15. Qd3 Bd7 16. f4 Qc8 17. Kh2 Rc7 18. c3 Qb7 19. c4 b4 20. a3 bxa3 21.
Rxa3 O-O 22. fxe5 dxe5 23. Ra5 Rd8 24. Rxe5 Bxh3 25. Rd5 Nxd5 26. exd5 Bxg2
27. Kxg2 Qc8 28. Bb6 Rd6 29. Bxc7 Qxc7 30. Qf3 Bf6 31. Qxh5 Rb6 32. Qf3 Qc5
33. Re1 Qb4 34. Rb1 a5 35. Qe3 Rb8 36. c5 a4 37. c6 axb3 38. Rxb3 Qd6 39.
Rxb8+ Qxb8 40. Nf4 Be5 41. Nd3 Bd6 42. Nc5 Qb5 43. Qe8+ Bf8 44. d6 Qxc5 45.
c7 Qc2+ 46. Kf3 Qf5+ 47. Ke2 1/2-1/2

[Event "Landsturneringen 2023"]
[Site "Vallhall, Oslo"]
[Date "2023.07.03"]
[Round "4"]
[White "Martinsen, Stig K"]
[Black "Manne, Per Erik"]
[Result "1-0"]
[BlackTitle "FM"]
[WhiteElo "2172"]
[BlackElo "2197"]
[TimeControl "40/5400+30:1800+30"]
[BlackFideId "1502867"]
[WhiteFideId "1502824"]

1. d4 Nf6 2. c4 d6 3. Nc3 Nbd7 4. e4 e5 5. Nge2 c6 6. d5 Nc5 7. f3 Be7 8.
Be3 Qc7 9. Ng3 h5 10. h4 g6 11. Be2 Bd7 12. Qd2 Rd8 13. b4 Na6 14. a3 c5
15. Nb5 Bxb5 16. cxb5 Nb8 17. Kf2 Nfd7 18. Rac1 b6 19. Bd3 Rc8 20. Nf1 Qd8
21. g3 Bf6 22. Qd1 Qe7 23. Nd2 O-O 24. Nc4 Bg7 25. Kg2 Kh7 26. Qd2 Rfd8 27.
Kh2 Nf6 28. bxc5 dxc5 29. Bg5 Nbd7 30. Bf1 Rb8 31. a4 Qf8 32. Rb1 Bh6 33.
Bh3 Re8 34. Rb2 Rbd8 35. Bxh6 Qxh6 36. Qxh6+ Kxh6 37. Ra1 Kg7 38. a5 bxa5
39. Nxa5 Nb6 40. Nc6 Rd6 41. Rxa7 Nfxd5 42. exd5 Rxd5 43. Bf1 Rd1 44. Be2
Re1 45. Ra6 1-0

[Event "Landsturneringen 2023"]
[Site "Vallhall, Oslo"]
[Date "2023.07.03"]
[Round "4"]
[White "Lindbøl, Aleksander"]
[Black "Kolås, Tore"]
[Result "1-0"]
[WhiteElo "2234"]
[BlackElo "2141"]
[TimeControl "40/5400+30:1800+30"]
[BlackFideId "1502050"]
[WhiteFideId "1520644"]

1. c4 e6 2. Nf3 d5 3. g3 Nf6 4. Bg2 d4 5. b4 a5 6. Bb2 axb4 7. Nxd4 Be7 8.
O-O O-O 9. d3 Nfd7 10. Qc2 Nb6 11. Nb3 Na4 12. N1d2 Nxb2 13. Qxb2 Ra7 14.
Rac1 c5 15. Rfd1 Nc6 16. e3 e5 17. Nf3 Qc7 18. Qe2 Bg4 19. h3 Bh5 20. g4
Bg6 21. d4 exd4 22. exd4 cxd4 23. Nfxd4 Nxd4 24. Nxd4 Bg5 25. Nb5 Qa5 26.
Nxa7 Bxc1 27. Rxc1 Qxa7 28. Qb2 Rb8 29. c5 Qa4 30. Rc4 Qd1+ 31. Kh2 Rd8 32.
Qxb4 Rd2 33. Qxb7 h6 34. c6 Rxf2 35. c7 Qd6+ 36. Kg1 Qd1+ 37. Kxf2 Qd2+ 38.
Kg1 Qe3+ 39. Kh1 Qe1+ 40. Kh2 Qe5+ 41. Kh1 Qe1+ 42. Bf1 Qxf1+ 43. Kh2 Qe2+
44. Kg3 Qe1+ 45. Kf4 Qd2+ 46. Ke5 f6+ 47. Ke6 Qe3+ 1-0

[Event "Landsturneringen 2023"]
[Site "Vallhall, Oslo"]
[Date "2023.07.03"]
[Round "4"]
[White "Nettleton, Charlie"]
[Black "Moen, Andreas G.R."]
[Result "0-1"]
[BlackTitle "IM"]
[WhiteElo "2090"]
[BlackElo "2287"]
[TimeControl "40/5400+30:1800+30"]
[BlackFideId "1501453"]
[WhiteFideId "419710"]

1. d4 Nf6 2. Bf4 d6 3. e3 Nbd7 4. Nf3 Nh5 5. Bg5 h6 6. Bh4 g5 7. Bg3 Bg7 8.
Bc4 c6 9. Nbd2 b5 10. Bb3 Bb7 11. c3 c5 12. a4 a6 13. Qe2 Qb6 14. a5 Qc7
15. e4 e6 16. O-O cxd4 17. Nxd4 Nxg3 18. hxg3 Nc5 19. Ba2 h5 20. b4 Na4 21.
Rac1 Nxc3 22. Qd3 Bxd4 23. Nf3 Bxe4 24. Qxe4 Nxe4 25. Rxc7 Bf6 26. Rfc1 O-O
27. Ne1 Bd4 28. Nd3 Nxg3 29. R1c6 Ne4 30. Kf1 d5 31. Ke2 Rfd8 32. f3 Nd6
33. Nc5 Bxc5 34. bxc5 Ne8 35. Rb7 Rdc8 36. Rbb6 Rxc6 37. Rxc6 Kf8 38. Kd3
Ke7 39. Kd4 Kd7 40. Rb6 Ra7 41. Bb1 Ke7 42. Bh7 Nf6 43. Bc2 Rc7 44. Rxa6
Nd7 45. Rb6 Rxc5 46. Bd3 e5+ 0-1

[Event "Landsturneringen 2023"]
[Site "Vallhall, Oslo"]
[Date "2023.07.03"]
[Round "4"]
[White "Machlik, Monika"]
[Black "Røyset, Pål Nikolai"]
[Result "1-0"]
[BlackTitle "CM"]
[WhiteElo "2119"]
[BlackElo "2165"]
[TimeControl "40/5400+30:1800+30"]
[BlackFideId "1501330"]
[WhiteFideId "1513621"]

1. d4 f5 2. c4 Nf6 3. Nc3 e6 4. Nf3 d5 5. Bf4 c6 6. e3 Be7 7. Bd3 O-O 8.
Qc2 Ne4 9. g4 Qa5 10. gxf5 exf5 11. cxd5 Nxc3 12. bxc3 Qxd5 13. Ke2 Qf7 14.
Kd2 Be6 15. Ne5 Qh5 16. Rhg1 c5 17. Be2 Qe8 18. Bf3 Nc6 19. Nxc6 bxc6 20.
Qa4 cxd4 21. exd4 Bd5 22. Bxd5+ cxd5 23. Qxe8 Raxe8 24. Rab1 Bh4 25. Be5
Rxe5 26. dxe5 Bxf2 27. Rgf1 Bb6 28. Rb5 f4 29. Rxd5 Rf5 30. Kd3 g5 31. Ke4
Rf8 32. h4 h6 33. hxg5 hxg5 34. e6 Bd8 35. Rd7 Bf6 36. c4 a5 37. c5 Rc8 38.
Kd5 a4 39. c6 a3 40. c7 Ra8 41. Kc6 1-0

[Event "Landsturneringen 2023"]
[Site "Vallhall, Oslo"]
[Date "2023.07.03"]
[Round "4"]
[White "Engelsen, Teodor Tenfjord"]
[Black "Aulin-Jansson, Jøran"]
[Result "0-1"]
[BlackTitle "FM"]
[WhiteElo "1977"]
[BlackElo "2140"]
[TimeControl "40/5400+30:1800+30"]
[BlackFideId "1500279"]
[WhiteFideId "45188521"]

1. c4 f5 2. d4 Nf6 3. Nf3 g6 4. Nc3 Bg7 5. Bf4 O-O 6. e3 d6 7. h4 Nh5 8.
Bh2 f4 9. e4 e5 10. d5 Bg4 11. Be2 Bxf3 12. Bxf3 Qxh4 13. Bxh5 gxh5 14. Qf3
Qg4 15. Qh3 f3 16. Bg3 fxg2 17. Qxg2 Nd7 18. Rh4 Qg5 19. Qh1 Nf6 20. Nd1
Rf7 21. Ne3 Qg6 22. Ke2 Bh6 23. Nf5 Bg5 24. Rg1 Nxe4 25. Qxe4 Rxf5 26. Qh1
Raf8 27. Rxh5 Rxf2+ 28. Bxf2 Qc2+ 29. Ke1 Qxf2+ 30. Kd1 Qd2# 0-1

[Event "Landsturneringen 2023"]
[Site "Vallhall, Oslo"]
[Date "2023.07.04"]
[Round "5"]
[White "Brattgjerd, Isak Vinh"]
[Black "Grave, Jacob Templen"]
[Result "1-0"]
[BlackTitle "CM"]
[WhiteElo "2185"]
[BlackElo "2255"]
[TimeControl "40/5400+30:1800+30"]
[BlackFideId "1542656"]
[WhiteFideId "1549880"]

1. e4 c6 2. d4 d5 3. Nc3 dxe4 4. Nxe4 Nf6 5. Nxf6+ exf6 6. c3 Bd6 7. Bd3
O-O 8. Qc2 Re8+ 9. Ne2 h5 10. O-O h4 11. h3 f5 12. Bd2 Nd7 13. Rfe1 g6 14.
Rad1 Nf8 15. Qc1 Ne6 16. Bc4 Bd7 17. Nf4 Nf8 18. Rxe8 Qxe8 19. Re1 Qc8 20.
Bb3 g5 21. Nh5 f4 22. Qd1 Nh7 23. Qf3 Bf5 24. c4 Qd7 25. d5 Bf8 26. Qc3 Qd6
27. Re5 Qg6 28. Rxf5 Qxh5 29. dxc6 bxc6 30. c5 Bg7 31. Qd3 Bf6 32. Bxf4 Rd8
33. Bd6 Re8 34. Rf3 Re1+ 35. Kh2 g4 36. hxg4 Be5+ 37. Bxe5 Qxe5+ 38. g3
hxg3+ 39. Kg2 Ng5 40. Qf5 gxf2 41. Bxf7+ 1-0

[Event "Landsturneringen 2023"]
[Site "Vallhall, Oslo"]
[Date "2023.07.04"]
[Round "5"]
[White "Tryggestad, Andreas G"]
[Black "Roulet-Dubonnet, Emerik Våpenstad"]
[Result "0-1"]
[WhiteTitle "FM"]
[BlackTitle "FM"]
[WhiteElo "2200"]
[BlackElo "2197"]
[TimeControl "40/5400+30:1800+30"]
[BlackFideId "1539477"]
[WhiteFideId "1513338"]

1. e4 c6 2. d4 d5 3. e5 Bf5 4. g4 Bg6 5. Nh3 e6 6. Nf4 Ne7 7. h4 h5 8. gxh5
Bh7 9. Nd2 Nf5 10. Nf3 c5 11. Ng5 Nxd4 12. Nxh7 Rxh7 13. Bd3 Rh8 14. h6 Qc7
15. Nh5 Qxe5+ 16. Kf1 g6 17. Ng7+ Bxg7 18. hxg7 Qxg7 19. c3 Ndc6 20. Qb3 f5
21. Qb5 c4 22. Be2 Qe7 23. Rg1 a6 24. Qb6 Qxh4 25. Bg5 Qh7 26. Bf3 Qd7 27.
Bf6 Rh7 28. Kg2 Qc7 29. Qe3 Kf7 30. Rae1 Qd6 31. Rh1 Rxh1 32. Rxh1 f4 33.
Qc1 Kxf6 34. Rh8 b5 35. Qh1 Qe5 36. Qh7 Qg5+ 37. Kf1 Ra7 38. Rf8+ Ke5 39.
Qg8 Qe7 40. Bg4 Kd6 41. Re8 Qf7 42. Rxe6+ Kc5 0-1

[Event "Landsturneringen 2023"]
[Site "Vallhall, Oslo"]
[Date "2023.07.04"]
[Round "5"]
[White "Hølleland, Sigve"]
[Black "Skotheim, Andreas"]
[Result "1/2-1/2"]
[BlackTitle "CM"]
[WhiteElo "2154"]
[BlackElo "2241"]
[TimeControl "40/5400+30:1800+30"]
[BlackFideId "1518526"]
[WhiteFideId "1513672"]

1. e3 Nf6 2. c4 d6 3. d4 g6 4. h4 Bg7 5. Nc3 c6 6. Bd3 e5 7. Nge2 Qe7 8. d5
e4 9. Bb1 Bg4 10. Qc2 cxd5 11. cxd5 Bxe2 12. Kxe2 O-O 13. Nxe4 Nxd5 14. Qd3
Qe6 15. f3 Nd7 16. Rd1 N7f6 17. Nxf6+ Nxf6 18. Qxd6 Qc4+ 19. Bd3 Qxh4 20.
Bd2 Rad8 21. Qa3 Nh5 22. Be1 Ng3+ 23. Kf2 Qh2 24. Bb4 Rfe8 25. Be7 Bxb2 26.
Qxb2 Rxe7 27. Bb5 Rxd1 28. Rxd1 Nh1+ 29. Kf1 Ng3+ 30. Kf2 Nh1+ 31. Kf1 Qe5
32. Qxe5 Rxe5 33. Bc4 b5 34. Bb3 Ng3+ 35. Kf2 Nf5 36. e4 Nh6 37. Rd7 a5 38.
Ke3 Rc5 39. g4 a4 40. Bd5 g5 41. Rb7 Rc3+ 42. Kf2 Rc2+ 43. Kg3 Rc5 1/2-1/2

[Event "Landsturneringen 2023"]
[Site "Vallhall, Oslo"]
[Date "2023.07.04"]
[Round "5"]
[White "Manne, Per Erik"]
[Black "Myagmarsuren, Evsuld"]
[Result "0-1"]
[WhiteTitle "FM"]
[WhiteElo "2197"]
[BlackElo "2184"]
[TimeControl "40/5400+30:1800+30"]
[BlackFideId "1551639"]
[WhiteFideId "1502867"]

1. e4 c5 2. Nf3 d6 3. Bb5+ Nd7 4. c3 Nf6 5. Qe2 a6 6. Ba4 g6 7. O-O Bg7 8.
d4 b5 9. Bc2 cxd4 10. cxd4 Nb6 11. h3 O-O 12. Bd2 Bb7 13. Ba5 Nfd7 14. a4
Qe8 15. b3 bxa4 16. bxa4 Rc8 17. Na3 Bc6 18. Bxb6 Nxb6 19. a5 Na4 20. Bd3
Rc7 21. Rfc1 Qa8 22. Nc4 Rb8 23. Rc2 Rb3 24. Ncd2 Rc3 25. Nb1 Rxd3 26. Rxc6
Qxc6 27. Qxd3 Nc5 28. Qe3 Nxe4 29. Nbd2 Nc3 30. Qd3 e6 31. Kf1 Nb5 32. Nb3
Qd5 33. Rc1 Rxc1+ 34. Nxc1 h6 35. Ke2 Bxd4 36. Nb3 e5 37. Nbxd4 exd4 38.
Kf1 Qa2 39. Qd2 Qxd2 40. Nxd2 Nc3 41. Nb3 Nb5 42. Ke2 Kg7 43. Kd3 Kf6 44.
Na1 Ke5 45. Nc2 g5 46. Nb4 Na7 47. g3 d5 48. Nxa6 Nc6 49. Nc5 Nxa5 50. Nd7+
Ke6 51. Nb8 Kd6 52. Na6 Nc6 53. f4 f6 54. fxg5 fxg5 55. Ke2 Ne5 56. Nb4 Kc5
57. Na6+ Kd6 58. Nb4 d3+ 59. Ke3 d4+ 60. Kd2 Kc5 61. Na6+ Kd5 62. h4 g4 63.
Nc7+ Ke4 64. Ne6 Nc4+ 65. Kd1 Ke3 0-1

[Event "Landsturneringen 2023"]
[Site "Vallhall, Oslo"]
[Date "2023.07.04"]
[Round "5"]
[White "Unneland, Mathias"]
[Black "Martinsen, Stig K"]
[Result "1/2-1/2"]
[WhiteTitle "FM"]
[WhiteElo "2158"]
[BlackElo "2172"]
[TimeControl "40/5400+30:1800+30"]
[BlackFideId "1502824"]
[WhiteFideId "1525581"]

1. Nf3 g6 2. g3 Bg7 3. d4 Nf6 4. Bg2 O-O 5. O-O d6 6. c4 Nbd7 7. Nc3 e5 8.
e4 exd4 9. Nxd4 Re8 10. Re1 Nc5 11. f3 c6 12. Be3 Qc7 13. Qd2 Bd7 14. Rad1
Rad8 15. Kh1 Ne6 16. b3 Nxd4 17. Bxd4 Bc8 18. Qb2 b6 19. Re2 Nh5 20. Red2
Re7 21. Ne2 Bxd4 22. Rxd4 Ng7 23. Nf4 f5 24. Qc2 fxe4 25. Rxe4 Bf5 26. Rxe7
Qxe7 27. Qd2 Qf6 28. Kg1 g5 29. Ne2 Ne6 30. Nd4 Nxd4 31. Qxd4 Qxd4+ 32.
Rxd4 d5 33. f4 gxf4 34. Rxf4 Be6 35. Rf6 Bf7 36. cxd5 Bxd5 37. Bxd5+ Rxd5
38. Rxc6 1/2-1/2

[Event "Landsturneringen 2023"]
[Site "Vallhall, Oslo"]
[Date "2023.07.04"]
[Round "5"]
[White "Hole, Øystein"]
[Black "Blauhut, Holger"]
[Result "1/2-1/2"]
[WhiteTitle "IM"]
[BlackTitle "CM"]
[WhiteElo "2267"]
[BlackElo "2054"]
[TimeControl "40/5400+30:1800+30"]
[BlackFideId "24665177"]
[WhiteFideId "1501526"]

1. Nf3 Nf6 2. c4 e6 3. Nc3 d5 4. d4 Be7 5. Bg5 h6 6. Bh4 O-O 7. e3 b6 8.
Be2 Bb7 9. Bxf6 Bxf6 10. cxd5 exd5 11. O-O c5 12. dxc5 Bxc3 13. bxc3 bxc5
14. Rb1 Qc7 15. Qb3 Bc6 16. c4 dxc4 17. Qxc4 Nd7 18. Rfc1 Rab8 19. Rxb8
Rxb8 20. Nd4 cxd4 21. exd4 Qd6 22. Qxc6 Qxc6 23. Rxc6 Rb2 24. Rc8+ Nf8 25.
Bd3 Rd2 26. Bc2 Rxd4 27. Kf1 Rd7 28. Ke2 g6 29. Bb3 Kg7 30. Rc6 Nh7 31. h4
1/2-1/2

[Event "Landsturneringen 2023"]
[Site "Vallhall, Oslo"]
[Date "2023.07.04"]
[Round "5"]
[White "Dahl, Max"]
[Black "Lindbøl, Aleksander"]
[Result "1/2-1/2"]
[WhiteElo "2169"]
[BlackElo "2234"]
[TimeControl "40/5400+30:1800+30"]
[BlackFideId "1520644"]
[WhiteFideId "1526626"]

1. d4 d5 2. c4 c6 3. cxd5 cxd5 4. Bf4 Nf6 5. e3 Nc6 6. Nc3 e6 7. Bd3 Bd6 8.
Bxd6 Qxd6 9. Nf3 O-O 10. O-O b6 11. Rc1 Bb7 12. a3 h6 13. Qe2 Rac8 14. Rc2
Qb8 15. Rfc1 Ne8 16. Nd2 Nd6 17. Nb5 Nxb5 18. Bxb5 Ne7 19. Nf3 Rxc2 20.
Rxc2 Rc8 21. Ne5 Rxc2 22. Qxc2 Qc8 23. Qxc8+ Bxc8 24. Nc6 Nxc6 1/2-1/2